 Dungeon Crawl Stone Soup version 0.22-a0-322-g60b3cfd (webtiles) character file.

177 Kairos the Cudgeler (level 5, -1/38 HPs)
             Began as a Mummy Gladiator on Apr 4, 2018.
             Slain by an orc
             ... wielding a +0 mace
              (6 damage)
             ... on level 4 of the Dungeon.
             The game lasted 00:05:30 (3407 turns).

Kairos the Cudgeler (Mummy Gladiator)               Turns: 3407, Time: 00:05:31

Health: -1/38      AC:  5    Str: 18    XL:     5   Next: 30%
Magic:  5/5        EV: 13    Int:  7    God:
Gold:   89         SH:  0    Dex: 14    Spells: 4/4 levels left

rFire    x . .     SeeInvis .   a - +0 flail
rCold    + + .     Gourm    .   (no shield)
rNeg     + + +     Faith    +   b - +0 leather armour
rPois    ∞         Spirit   .   g - +2 hat
rElec    .         Reflect  .   (no cloak)
rCorr    .         Harm     .   (no gloves)
MR       .....                  (no boots)
Stlth    +.........             h - amulet of faith
HPRegen  0.12/turn              i - ring of protection from cold
MPRegen  0.09/turn              (no ring)

@: no status effects
A: no food or potions, fire vulnerability, cold resistance 1, negative energy
resistance 3, torment resistance, unbreathing
a: no special abilities


You were on level 4 of the Dungeon.
You were not hungry.

You visited 1 branch of the dungeon, and saw 4 of its levels.

You collected 89 gold pieces.

Inventory:

Hand Weapons
 a - a +0 flail (weapon)
Missiles
 d - 3 throwing nets (quivered)
Armour
 b - a +0 leather armour (worn)
 c - a +0 helmet
 g - a +2 hat (worn)
Jewellery
 h - an amulet of faith (around neck)
 i - a ring of protection from cold (left hand)
Scrolls
 e - a scroll of fear {unknown}
 f - a scroll of enchant weapon {unknown}
 k - 2 scrolls of amnesia {unknown}
 l - 2 scrolls of remove curse
 m - 2 scrolls of teleportation {unknown}


   Skills:
 + Level 2.2 Fighting
 + Level 3.8 Maces & Flails
 + Level 1.5 Throwing
 + Level 2.0 Armour
 + Level 3.0 Dodging
 + Level 0.4 Stealth


You had 4 spell levels left.
You didn't know any spells.

Dungeon Overview and Level Annotations

Branches:
Dungeon (4/15)
 Temple: D:4-7

Altars:
Elyvilon
Gozag

Annotations:
D:4 PeterLawrence's ghost, novice GrFi


Innate Abilities, Weirdness & Mutations

You do not eat or drink.
Your flesh is vulnerable to fire.
You are immune to poison.
Your flesh is cold resistant. (rC+)
You are immune to negative energy. (rN+++)
You are immune to unholy pain and torment.
You can survive without breathing.


Message History

The orc priest is moderately wounded.
The orc priest misses you. The orc barely misses you.
The orc priest closely misses you. The orc hits you but does no damage.
You hit the orc priest.
The orc priest is heavily wounded.
The orc closely misses you. The orc priest misses you.
The orc barely misses you.
An orc comes into view. It is wielding a flail.
You hit the orc priest.
The orc priest is almost dead.
The orc priest invokes the aid of Beogh against you.
Beogh smites you!
* * * LOW HITPOINT WARNING * * *
The orc hits you with a mace.
* * * LOW HITPOINT WARNING * * *
The orc completely misses you.
The orc priest looks satisfied for a moment.
There is a stone staircase leading up here.
The orc hits you with a mace.
You die...

###.≈ #..[≈ .
....≈ .. #.#.#
≈≈≈ #.#.##≈≈
#.#...
##.#.#####
#@oo.....# .
#.##o###.##...
#.##..o.......
#.##.lo.......
#.##!##oo#.###
#.##)# ..#
#.##.# ..#
#.##.# .o# ...
...


You could see an orc priest and 2 orcs.

Vanquished Creatures
  An orc priest (D:4)
  An iguana (D:3)
  4 adders
  2 oozes (D:3)
  2 worms
  4 dart slugs
  6 giant cockroaches
  10 goblins
  4 hobgoblins
  4 jackals
  9 kobolds
  2 ball pythons
  6 bats
  4 frilled lizards
  5 rats
64 creatures vanquished.

Notes
Turn   | Place    | Note
-------+----------+-------------------------------------------
     0 | D:1      | Kairos the Mummy Gladiator began the quest for the Orb.
     0 | D:1      | Reached XP level 1. HP: 16/16 MP: 1/1
   170 | D:1      | Reached XP level 2. HP: 21/22 MP: 2/2
   887 | D:1      | You fall through a shaft!
   906 | D:2      | Reached XP level 3. HP: 22/27 MP: 3/3
  1180 | D:2      | Reached skill level 1 in Armour
  2115 | D:2      | Reached XP level 4. HP: 26/33 MP: 4/4
  2694 | D:3      | Found a white marble altar of Elyvilon.
  2735 | D:3      | Found an opulent altar of Gozag.
  2914 | D:3      | Reached XP level 5. HP: 37/38 MP: 5/5
  3207 | D:4      | Noticed PeterLawrence's ghost (novice GrFi)
  3407 | D:4      | Slain by an orc

Vault maps used:
D:1:      matt_arrival_spirals, st_stairs_12, minmay_hexomino_p4
D:3:      elyvilon_altar_5, grunt_gozag_statues
D:4:      kennysheep_goblin_castle, vehumet_altar_wand_db, first_ration

Skill      XL: |  1  2  3  4  5 |
---------------+----------------+-----
Maces & Flails | 3 |  3.8
Armour         | 1 2 |  2.0
Dodging        | 3 |  3.0
Fighting       | |  2.2
Throwing       | |  1.5
Stealth        | |  0.4

Action                   |  1- 3 |  4- 6 || total
-------------------------+-------+-------++-------
Melee: Flail             |   159 |   104 ||   263
  Use: Scroll            |       |     2 ||     2
 Stab: Sleeping          |     1 |       ||     1
Armor: Leather armour    |    63 |    29 ||    92
Dodge: Dodged            |   126 |    89 ||   215

Table legend:
 A = Spawn XP
 B = Non-spawn XP
 C = Spawn XP percentage of total XP
 D = Spawn monster count
 E = Non-spawn monster count
 F = Spawn count percentage of total count
 G = Total turns spent on level
                    A         B        C        D         E        F      G
               +---------+---------+-------+---------+---------+-------+---------
         Total |       0 |     253 |   0.0 |       0 |      64 |   0.0 |  3407
               +---------+---------+-------+---------+---------+-------+---------
           D:1 |       0 |      39 |   0.0 |       0 |      21 |   0.0 |  1380
           D:2 |       0 |      74 |   0.0 |       0 |      20 |   0.0 |  1055
           D:3 |       0 |      99 |   0.0 |       0 |      22 |   0.0 |   930
           D:4 |       0 |      41 |   0.0 |       0 |       1 |   0.0 |    42
               +---------+---------+-------+---------+---------+-------+---------
